Map: Catalyst LE

Players

Cham

  • Race: Zerg Zerg
  • Spawn Location: 11:00

Scarlett - Winner!

  • Race: Zerg Zerg
  • Spawn Location: 5:00

Event: IEM Season 12 - PyeongChang

VOD

Have the link to the VOD?

Description

Time

  • Played on: Feb. 4, 2018, 9:16 p.m.
  • Length: 11:35

All games in this series

Show
View Real Time Build Order
Export as new Build Order

Cham Zerg 

Build Orders: Hatch First 

Get SALT Encoding   

  12  0:00  Drone  
  13  0:08  Drone  
  14  0:17  Overlord  
  14  0:35  Drone x3  
  17  0:52  Hatchery  
  17  0:55  Drone  
  17  1:10  Spawning Pool  
  17  1:11  Drone  
  17  1:13  Extractor  
  17  1:16  Drone  
  17  1:20  Drone  
  18  1:41  Drone  
  18  1:44  Overlord  
  19  1:57  Queen  
  19  1:59  Zergling x2  
  22  2:03  Zergling x2  
  22  2:04  Queen  
  22  2:05  Zergling x2  
  26  2:14  Drone  
  27  2:15  Drone  
  28  2:23  Drone  
  28  2:26  Drone  
  30  2:33  Queen  
  30  2:35  Drone  
  33  2:37  Drone  
  34  2:44  Drone  
  34  2:47  Overlord  
  35  2:55  Evolution Chamber  
  35  2:57  Drone  
  35  2:59  Roach Warren  
  35  3:02  Drone  
  35  3:07  Evolution Chamber  
  35  3:08  Drone x2  
  35  3:10  Drone x2  
  38  3:15  Drone x2  
  40  3:22  Lair  
  40  3:27  Zerg Missile Weapons Level 1  
  37  3:42  Evolution Chamber  
  37  3:44  Roach x3  
  37  3:45  Roach  
  44  3:51  Overlord  
  42  3:56  Evolution Chamber  
  42  3:57  Spore Crawler  
  40  4:03  Drone x2  
  40  4:06  Drone  
  43  4:10  Drone x3  
  43  4:11  Drone  
  43  4:14  Drone  
  48  4:22  Drone  
  50  4:25  Roach Warren  
  50  4:29  Zerg Ground Armor Level 1, Extractor  
  50  4:30  Drone  
  50  4:31  Extractor  
  48  4:34  Overlord  
  48  4:37  Drone  
  49  4:43  Overlord  
  49  4:50  Drone  
  49  4:51  Overseer  
  50  4:53  Drone  
  50  4:54  Drone x2  
  50  4:56  Overlord  
  50  4:59  Overlord  
  53  5:00  Queen  
  53  5:04  Glial Reconstitution  
  53  5:06  Overlord  
  55  5:08  Roach  
  55  5:12  Roach x2  
  61  5:16  Roach  
  61  5:19  Roach  
  65  5:22  Drone  
  65  5:23  Roach  
  65  5:25  Roach  
  65  5:28  Overlord, Roach  
  72  5:32  Overlord  
  72  5:35  Roach  
  74  5:40  Roach x2  
  78  5:44  Roach  
  80  5:56  Roach  
  82  5:57  Hatchery  
  82  6:00  Roach x2  
  85  6:04  Overlord  
  85  6:05  Roach  
  85  6:09  Roach  
  89  6:11  Roach  
  89  6:14  Roach  
  89  6:17  Roach  
  89  6:18  Roach  
  97  6:22  Roach  
  99  6:28  Zerg Missile Weapons Level 2  
  99  6:30  Drone  
  100  6:34  Drone x5  
  100  6:37  Drone  
  106  6:40  Drone  
  106  6:45  Drone  
  106  6:46  Extractor  
  107  6:55  Overlord  
  107  6:57  Roach  
  107  6:58  Roach  
  111  7:02  Overlord  
  111  7:10  Roach x2  
  111  7:13  Roach  
  111  7:14  Roach  
  111  7:15  Roach  
  121  7:17  Roach x4  
  121  7:21  Overlord  
  131  7:23  Roach  
  131  7:28  Overlord  
  131  7:33  Roach x2  
  106  7:44  Roach x3  
  106  7:45  Roach x3  
  106  7:46  Roach  
  106  7:47  Roach  
  106  7:49  Roach  
  106  7:51  Ravager  
  125  7:52  Ravager  
  125  7:53  Roach  
  125  7:56  Roach  
  128  8:00  Roach  
  128  8:01  Roach  
  128  8:05  Roach  
  133  8:07  Roach  
  133  8:12  Roach  
  137  8:14  Roach x2  
  137  8:15  Roach  
  137  8:17  Ravager  
  144  8:21  Roach  
  144  8:22  Roach  
  144  8:25  Roach  
  150  8:29  Roach x2  
  150  8:33  Overlord  
  154  8:38  Overlord  
  154  8:39  Overlord  
  152  8:57  Roach  
  152  8:58  Roach  
  152  9:01  Roach x3  
  138  9:06  Roach x2  
  138  9:08  Roach x2  
  125  9:10  Roach x2  
  125  9:13  Roach x2  
  125  9:14  Roach  
  104  9:18  Roach  
  104  9:22  Roach x2  
  91  9:27  Roach x2  
  89  9:31  Roach  
  89  9:32  Roach  
  89  9:36  Roach  
  89  9:38  Roach  
  97  9:41  Roach  
  97  9:44  Roach  
  101  9:47  Roach  
  101  9:49  Roach  
  101  9:52  Roach  
  107  9:55  Roach  
  107  9:56  Roach  
  107  9:59  Roach  
  113  10:00  Ravager  
  113  10:02  Roach  
  113  10:05  Roach  
  120  10:07  Roach  
  120  10:09  Roach  
  120  10:12  Roach  
  124  10:14  Roach  
  124  10:16  Roach  
  124  10:19  Roach  
  132  10:21  Roach  
  132  10:26  Roach x2  
  136  10:29  Roach  
  136  10:32  Overlord  
  138  10:38  Overlord x2  
  136  10:47  Roach x2  
Show
View Real Time Build Order
Export as new Build Order

Scarlett Zerg - Winner!

Build Orders: Hatch First 

Get SALT Encoding   

  12  0:00  Drone  
  13  0:12  Overlord  
  13  0:17  Drone  
  14  0:30  Drone x2  
  14  0:34  Drone  
  17  0:52  Hatchery  
  17  0:54  Drone  
  17  0:57  Drone  
  17  1:01  Extractor  
  17  1:12  Spawning Pool  
  17  1:16  Drone  
  17  1:19  Drone  
  18  1:28  Drone  
  19  1:39  Drone  
  20  1:49  Overlord  
  20  1:59  Queen  
  20  2:01  Metabolic Boost  
  22  2:03  Queen  
  22  2:04  Drone  
  22  2:07  Zergling x2  
  26  2:12  Zergling x2  
  27  2:16  Drone  
  28  2:29  Zergling x2  
  30  2:30  Zergling x2  
  30  2:35  Hatchery  
  29  2:43  Overlord  
  29  2:44  Zergling x2  
  29  2:46  Zergling x2  
  31  2:56  Zergling x4  
  33  3:05  Zergling x2  
  33  3:06  Zergling x2  
  33  3:08  Zergling x4  
  33  3:09  Zergling x4  
  33  3:12  Zergling x4  
  41  3:15  Zergling x2  
  42  3:20  Zergling x2  
  43  3:28  Zergling x2  
  43  3:30  Overlord  
  44  3:37  Drone  
  42  3:45  Drone x2  
  42  3:46  Queen  
  42  3:47  Drone  
  45  3:49  Drone  
  45  3:55  Drone  
  45  4:00  Drone x5  
  49  4:04  Drone  
  49  4:10  Drone x3  
  49  4:16  Drone  
  49  4:17  Evolution Chamber, Drone  
  52  4:19  Drone  
  52  4:21  Drone  
  55  4:24  Drone x2  
  55  4:28  Overlord  
  55  4:30  Drone  
  57  4:36  Roach Warren  
  57  4:38  Drone  
  57  4:41  Drone  
  57  4:43  Zerg Missile Weapons Level 1  
  57  4:45  Extractor  
  57  4:46  Extractor  
  57  4:48  Drone x3  
  57  4:52  Drone x2  
  61  4:53  Drone x2  
  61  4:55  Drone  
  61  4:58  Drone x2  
  66  5:00  Overlord  
  66  5:04  Lair  
  66  5:08  Extractor  
  66  5:10  Overlord  
  66  5:11  Drone  
  66  5:15  Unknown  
  66  5:18  Drone x3  
  66  5:19  Overlord x2  
  69  5:23  Overlord  
  69  5:27  Roach x2  
  73  5:30  Roach x2  
  73  5:32  Roach  
  73  5:33  Overlord  
  79  5:36  Overlord  
  79  5:42  Roach x3  
  85  5:46  Roach x2  
  89  5:53  Roach  
  89  5:54  Roach x3  
  97  6:00  Roach x3  
  97  6:03  Glial Reconstitution  
  101  6:09  Roach x4  
  109  6:17  Roach x3  
  115  6:23  Roach x3  
  115  6:24  Overlord  
  121  6:27  Overlord  
  121  6:40  Drone  
  121  6:42  Zerg Missile Weapons Level 2  
  121  6:46  Evolution Chamber, Drone x2  
  123  6:47  Drone x7  
  123  6:51  Roach  
  132  6:54  Extractor  
  132  6:57  Overlord x2  
  132  6:58  Overlord  
  132  6:59  Roach  
  133  7:03  Roach x2  
  133  7:04  Overlord  
  137  7:13  Overlord x2  
  137  7:14  Zerg Ground Armor Level 1  
  137  7:18  Roach x3  
  137  7:21  Roach x2  
  146  7:26  Roach  
  146  7:27  Roach x2  
  152  7:32  Roach  
  152  7:33  Roach x2  
  153  7:41  Drone  
  153  7:42  Drone x2  
  140  7:44  Extractor  
  140  7:45  Drone  
  140  7:46  Drone x2  
  140  7:48  Roach x5  
  152  7:55  Roach x3  
  152  7:57  Ravager x3  
  160  8:02  Ravager  
  160  8:04  Hatchery  
  159  8:08  Overlord  
  159  8:09  Overlord  
  159  8:11  Roach  
  159  8:12  Roach  
  163  8:17  Roach  
  163  8:18  Roach x2  
  168  8:24  Roach  
  168  8:25  Roach x4  
  176  8:30  Roach x2  
  182  8:34  Roach x2  
  184  8:42  Roach  
  184  8:43  Roach x4  
  184  8:46  Ravager  
  195  8:51  Ravager  
  160  9:09  Roach x11  
  138  9:17  Roach x7  
  144  9:31  Roach  
  144  9:32  Roach x5  
  144  9:34  Ravager  
  144  9:37  Ravager  
  144  9:38  Ravager  
  159  9:39  Roach  
  159  9:40  Roach x4  
  159  9:42  Roach  
  159  9:45  Ravager  
  172  9:46  Roach  
  172  9:48  Roach  
  172  9:51  Roach  
  178  9:54  Roach  
  180  10:01  Roach  
  180  10:02  Roach x5  
  180  10:05  Roach x3  
  198  10:19  Ravager x2  
  196  10:56  Roach  
  196  10:57  Roach x4  
  194  11:11  Roach x13  
  180  11:16  Roach  

Tags
 
Add a new tag
Caveats
  • Supply blocks, unpowered buildings, or Contaminate may cause inaccurate times.
  • Supply counts are checked every 10 seconds.